 Dungeon Crawl Stone Soup version 0.32-a0-460-gc8eefc9 (webtiles) character file.

Game seed: 16016974083330403712

98 Remcycle the Chopper (level 4, -1/35 HPs)
             Began as a Demonspawn Fighter on Feb 24, 2024.
             Slain by a cerulean imp
             ... wielding a +2 spear
             ... summoned by Natasha
              (5 damage)
             ... on level 2 of the Dungeon.
             The game lasted 00:03:36 (1592 turns).

Remcycle the Chopper (Demonspawn Fighter)           Turns: 1592, Time: 00:03:37

Health: -1/35      AC:  6    Str: 19    XL:     4   Next: 43%
Magic:  4/4        EV:  9    Int:  8    God:
Gold:   102        SH:  4    Dex: 12    Spells: 3/3 levels left

rFire   . . .        a - +0 war axe
rCold   . . .        c - +0 buckler
rNeg    . . .        b - +0 scale mail
rPois   .            (no helmet)
rElec   .            (no cloak)
rCorr   .            (no gloves)
SInv    .            (no boots)
Will    .....        g - amulet of regeneration Stlth
                     (no ring)
HPRegen 1.05/turn    (no ring)
MPRegen 0.09/turn

%: no passive effects
@: no status effects
A: demonic touch 1
a: no special abilities


You were on level 2 of the Dungeon.
You visited 1 branch of the dungeon, and saw 2 of its levels.

You collected 102 gold pieces.

Inventory:

Hand Weapons
 a - a +0 war axe (weapon)
Armour
 b - a +0 scale mail (worn)
 c - a +0 buckler (worn)
Jewellery
 f - a +6 ring of intelligence
 g - an amulet of regeneration (around neck)
 j - a ring of willpower
Scrolls
 h - a scroll of identify {unknown}
 k - a scroll of revelation {unknown}
 m - a scroll of enchant weapon {unknown}
 o - a scroll of fog {unknown}
 p - 2 scrolls of poison {unknown}
Potions
 d - a potion of might
 e - a potion of brilliance {unknown}
 i - a potion of invisibility {unknown}
 l - a potion of haste {unknown}
 n - a potion of lignification {unknown}
 q - a potion of curing {unknown}


   Skills:
 - Level 3.0 Fighting
 + Level 4.3 Axes
 - Level 2.6 Armour
 - Level 2.6 Shields


You had 3 spell levels left.
You didn't know any spells.
Your spell library contained the following spells:

 Spells                   Type           Power      Damage    Failure   Level
 Magic Dart               Conj           0%         1d3       86%         1
 Blink                    Tloc           0%         N/A       94%         2
 Call Imp                 Summ           0%         N/A       94%         2
 Dazzling Flash           Conj/Hex       0%         N/A       99%         3
 Ozocubu's Armour         Ice            0%         N/A       99%         3
 Volatile Blastmotes      Fire/Tloc      0%         2d10      99%         3
 Metabolic Englaciation   Hex/Ice        0%         N/A       100%        5
 Sculpt Simulacrum        Ice/Alch       0%         N/A       100%        6
 Starburst                Conj/Fire      0%         6d3       100%        6
 Maxwell's Capacitive Co  Air            0%         ∞         100%        8


Dungeon Overview and Level Annotations

Branches:
Dungeon (2/15)

Altars:
Wu Jian

Annotations:
D:2 1 runed translucent door, Crazy Yiuf, Natasha


Innate Abilities, Weirdness & Mutations

Your touch may inflict minor irresistible damage on your foes.


Message History

Natasha closely misses you. You block the cerulean imp's attack.
You hit Natasha.
Natasha is moderately wounded.
Natasha claws you. The cerulean imp barely misses you.
You barely miss Natasha.
Natasha is moderately wounded.
You block Natasha's attack. The cerulean imp barely misses you.
Natasha claws you.
You closely miss Natasha.
Natasha is moderately wounded.
The cerulean imp hits you but does no damage.
Natasha claws you but does no damage.
The cerulean imp hits you from afar with a +2 spear.
You hit Natasha.
Natasha is heavily wounded.
The cerulean imp disappears in a puff of smoke!
Natasha claws you but does no damage.
You hit Natasha.
Natasha is heavily wounded.
Natasha claws you but does no damage. Natasha claws you.
Unknown command.
You closely miss Natasha.
Natasha is heavily wounded.
Natasha claws you.
You barely miss Natasha.
Natasha is heavily wounded.
Natasha casts a spell.
You hit Natasha but do no damage.
Natasha is heavily wounded.
Natasha casts a spell at you. The magic dart hits you!
* * * LOW HITPOINT WARNING * * *
The cerulean imp hits you from afar with a +2 spear.
* * * LOW HITPOINT WARNING * * *
Natasha extends her claws.
You block Natasha's attack.
You closely miss Natasha.
Natasha is heavily wounded.
The cerulean imp hits you from afar with a +2 spear.
You die...

##.## #..# #...##
#..# #....# #..#
#....# #..#
###..#####.##
......##....#####
.....#####.%....#
......#
##.###.#####
.>....# #.#
#.@h..# ......#
#.# #.....#
.).<..# #.#
#5....# ......#
#.# #######
.....## #.#
....## #†# #####
#.# #.# ## #.#


You could see Natasha and a cerulean imp (summoned).

Vanquished Creatures
  6 adders (D:2)
  2 dart slugs (D:1)
  3 ball pythons
  5 bats
  2 endoplasms
  2 giant cockroaches (D:1)
  3 goblins
  5 hobgoblins (D:2)
  6 kobolds
  2 quokkas
  2 frilled lizards
  3 rats
41 creatures vanquished.

Notes
Turn   | Place    | Note
-------+----------+-------------------------------------------
     0 | D:1      | Remcycle the Demonspawn Fighter began the quest for the
                  | Orb.
     0 | D:1      | Reached XP level 1. HP: 18/18 MP: 1/1
    66 | D:1      | Reached skill level 2 in Axes
   201 | D:1      | Gained mutation: Your touch may inflict minor irresistible
                  | damage on your foes. [demonic ancestry]
   201 | D:1      | Reached XP level 2. HP: 24/24 MP: 2/2
   523 | D:1      | Reached skill level 3 in Axes
   792 | D:1      | Found a faded altar of an unknown god.
  1070 | D:2      | Reached XP level 3. HP: 23/29 MP: 3/3
  1108 | D:2      | Found a runed translucent door.
  1109 | D:2      | Noticed Crazy Yiuf
  1244 | D:2      | Found an ornate altar of the Wu Jian Council.
  1263 | D:2      | Reached skill level 4 in Axes
  1263 | D:2      | Reached XP level 4. HP: 28/35 MP: 4/4
  1575 | D:2      | Noticed Natasha
  1592 | D:2      | Slain by a cerulean imp

Illustrated notes

Levels and vault maps discovered:
D:1:      lightli_arrival_farm, layout_basic,
          shapermc_ecumenical_altar_hornbeckon
D:2:      layout_rooms, basic_altar, minmay_cupped, uniq_natasha,
          uniq_crazy_yiuf_cottage

Skill      XL: |  1  2  3 |
---------------+----------+-----
Axes           | 2 3 4 |  4.3
Fighting       | |  3.0
Armour         | |  2.6
Shields        | |  2.6

Action                     |  1- 3 |  4- 6 || total
---------------------------+-------+-------++-------
  Melee: War axe           |   108 |    41 ||   149
 Armour: Scale mail        |    92 |    37 ||   129
  Dodge: Dodged            |    54 |    24 ||    78
  Block: Buckler           |    30 |     8 ||    38

Table legend: (Time is in decaauts)
 A = Elapsed time spent in this place.
 B = Non-inter-level travel time spent in this place.
 C = Inter-level travel time spent in this place.
 D = Time resting spent in this place.
 E = Time spent auto-exploring this place.
 F = Levels seen in this place.
 G = Mean time per level.
                   A        B        C        D        E       F      G
               +--------+--------+--------+--------+--------+-----+--------+
         Total |   1675 |   1606 |     69 |      0 |   1294 |   2 |  837.5 |
       Dungeon |   1675 |   1606 |     69 |      0 |   1294 |   2 |  837.5 |
               +--------+--------+--------+--------+--------+-----+--------+

Top non-repeatable levels by time:
     D:1: 1109 daAuts
     D:2: 565 daAuts
